 Dungeon Sprint DCSS version 0.16-a0-3803-gd4b2de5 (console) character file.

4062 Monkaria the Champion of Chaos (level 10, -2/93 HPs)
             Began as a Hill Orc Fighter on Jan 26, 2015.
             Was the Champion of Makhleb.
             Killed from afar by a lindwurm (36 damage)
             ... with a blast of flame
             ... in the Dungeon (Sprint IX: "|||||||||||||||||||||||||||||").
             The game lasted 00:04:15 (1082 turns).

Monkaria the Champion of Chaos (Hill Orc Fighter)   Turns: 1082, Time: 00:04:16

Health: -2/93      AC: 17    Str: 23    XL:     10   Next: 25%
Magic:  28/28      EV:  7    Int:  8    God:    Makhleb [******]
Gold:   14         SH:  9    Dex: 10    Spells: 0 memorised, 9 levels left

rFire  . . .     SeeInvis .     p - +2 scimitar (holy)
rCold  . . .     Clarity  .     s - +1 chain mail
rNeg   . . .     SustAb   .     c - +0 shield
rPois  .         Gourm    .     (no helmet)
rElec  .         Spirit   .     q - +0 cloak
rCorr  .         Warding  .     r - +0 pair of gloves
rMut   .         NoTele   +     (no boots)
MR     .....                    (no amulet)
Stlth  ..........               u - +2 ring of evasion
                                t - +2 ring of protection

@: not resistant to hostile enchantments, extremely unstealthy
A: slimy green scales 1
a: Minor Destruction, Lesser Servant of Makhleb, Major Destruction, Greater
Servant of Makhleb, Renounce Religion


You were in the Dungeon.
You worshipped Makhleb.
Makhleb was exalted by your worship.
You were not hungry.

You visited 1 branch You collected 14 gold pieces.

Inventory:

Hand weapons
 p - a +2 scimitar of holy wrath (weapon)
Armour
 c - a +0 shield (worn)
 q - a +0 cloak (worn)
 r - a +0 pair of gloves (worn)
 s - a +1 chain mail (worn)
Rods
 b - a +3 iron rod (14/14)
   (You found it in the Dungeon)
Jewellery
 t - a +2 ring of protection (left hand)
 u - a +2 ring of evasion (right hand)
Magical devices
 o - a wand of draining (3)
Scrolls
 d - 2 scrolls of enchant armour
 k - 2 scrolls of blinking
 m - a scroll of remove curse
 n - 2 scrolls of amnesia
 v - a scroll of identify
 w - a scroll of recharging
 x - a scroll of fear
 y - a scroll of fog
Potions
 a - a potion of cure mutation
 e - 2 potions of might
 f - 5 potions of curing
 g - 6 potions of heal wounds
 h - 2 potions of haste
 i - 4 potions of magic
 j - a potion of berserk rage
 l - a potion of invisibility
Comestibles
 z - 2 chunks of flesh


   Skills:
 - Level 10.1 Fighting
 - Level 17.2 Long Blades
 + Level 4.8 Armour
 - Level 3.2 Shields
 - Level 17.3 Invocations


You had 9 spell levels left.
You didn't know any spells.

Dungeon Overview and Level Annotations

Branches:
Dungeon (1/1)

Altars:
Cheibriados
Dithmenos
Elyvilon
Fedhas
Gozag
Kikubaaqudgha
Makhleb
Nemelex Xobeh
Okawaru
Qazlal
Ru
Sif Muna
Trog
Vehumet
Xom
Yredelemnul
Zin
The Shining One
Beogh
Jiyva
Lugonu

Annotations:
D Maurice


Innate Abilities, Weirdness & Mutations

You are partially covered in slimy green scales (AC +2).


Message History

Aim: a seven-headed hydra (severely wounded) Attack!
Your Executioner completely misses the seven-headed hydra.
Your Executioner hits the seven-headed hydra!
Your Executioner hits the seven-headed hydra.
Your Executioner hits the seven-headed hydra!!
The seven-headed hydra dies!
Makhleb accepts your kill.
Your Armour skill increases to level 4!
Your Invocations skill increases to level 17!
You swap places.
You start resting.
Magic restored.
You open the door. 3 worms, a brain worm and 3 lindwurms come into view.
The lindwurm roars!
Your Executioner is no longer moving quickly.
The lindwurm breathes flames at you. The blast of flame hits you!
You die...

▓[▓.▓k▓
▓)▓.▓w▓
▓.▓.▓w▓
▓.▓.▓w▓
▓.▓.▓k▓
▓)▓.▓w▓
▓|▓.▓k▓
▓.▓.▓'▓
▓.▓.▓@▓
▓'▓.▓1▓
▓_▓.▓.▓
▓_▓.▓.▓
▓_▓.▓.▓
▓_▓.▓.▓
▓_▓.▓.▓
▓_▓.▓.▓
▓_▓.▓.▓


You could see 3 lindwurms, 3 worms, a brain worm and a friendly Executioner.

Vanquished Creatures
  An ugly thing (D)
  A spiny frog (D)
  A troll (D)
  A shadow (D)
  2 hungry ghosts (D)
  2 yaks (D)
  A hippogriff (D)
  A wolf (D)
  A porcupine (D)
  A crocodile (D)
  A giant frog (D)
  A hound (D)
  A jelly (D)
  An orc wizard (D)
  A worker ant (D)
  An iguana (D)
  An adder (D)
  An ooze (D)
  An orc (D)
  3 bats (D)
  A bat skeleton (D)
  A goblin (D)
  A hobgoblin (D)
  A kobold (D)
  3 rats (D)
31 creatures vanquished.

Vanquished Creatures (collateral kills)
  4 hydras (D)
  A komodo dragon (D)
  2 spiny frogs (D)
  A porcupine (D)
  A giant frog (D)
9 creatures vanquished.

Vanquished Creatures (others)
  A blizzard demon (D)
  A green death (D)
2 creatures vanquished.

Grand Total: 42 creatures vanquished

Notes
Turn   | Place    | Note
--------------------------------------------------------------
     0 | D        | Monkaria, the Hill Orc Fighter, began the quest for the Orb.
     0 | D        | Reached XP level 1. HP: 19/19 MP: 1/1
    15 | D        | Reached skill level 4 in Fighting
    22 | D        | Reached XP level 2. HP: 11/28 MP: 2/2
   211 | D        | Noticed a worker ant
   225 | D        | Killed a worker ant
   225 | D        | Reached skill level 5 in Fighting
   225 | D        | Reached skill level 6 in Long Blades
   225 | D        | Reached XP level 3. HP: 17/37 MP: 3/3
   232 | D        | Found a glowing silver altar of Zin.
   232 | D        | Found a glowing golden altar of the Shining One.
   232 | D        | Found an ancient bone altar of Kikubaaqudgha.
   232 | D        | Found a basalt altar of Yredelemnul.
   232 | D        | Found a shimmering altar of Xom.
   232 | D        | Found a radiant altar of Vehumet.
   232 | D        | Found an iron altar of Okawaru.
   233 | D        | Found a burning altar of Makhleb.
   234 | D        | Found a deep blue altar of Sif Muna.
   235 | D        | Found a bloodstained altar of Trog.
   236 | D        | Found a sparkling altar of Nemelex Xobeh.
   237 | D        | Found a white marble altar of Elyvilon.
   238 | D        | Found a roughly hewn altar of Beogh.
   239 | D        | Found a viscous altar of Jiyva.
   240 | D        | Found a corrupted altar of Lugonu.
   241 | D        | Found a blossoming altar of Fedhas.
   242 | D        | Became a worshipper of Makhleb the Destroyer
   243 | D        | Found a snail-covered altar of Cheibriados.
   244 | D        | Found a shadowy altar of Dithmenos.
   245 | D        | Found a stormy altar of Qazlal.
   246 | D        | Found an opulent altar of Gozag.
   247 | D        | Found a sacrificial altar of Ru.
   302 | D        | Noticed an orc wizard
   302 | D        | Noticed a hungry ghost
   302 | D        | Noticed a yak
   302 | D        | Noticed a jelly
   309 | D        | Killed a jelly
   309 | D        | Reached skill level 7 in Long Blades
   309 | D        | Reached XP level 4. HP: 27/45 MP: 4/4
   310 | D        | Acquired Makhleb's first power
   330 | D        | Killed an orc wizard
   330 | D        | Reached skill level 8 in Long Blades
   338 | D        | Killed a yak
   338 | D        | Reached skill level 10 in Long Blades
   338 | D        | Reached XP level 5. HP: 18/56 MP: 5/5
   338 | D        | Reached XP level 6. HP: 19/62 MP: 6/6
   347 | D        | Killed a hungry ghost
   347 | D        | Acquired Makhleb's second power
   347 | D        | Reached skill level 10 in Fighting
   347 | D        | Reached skill level 12 in Long Blades
   544 | D        | Noticed a green ugly thing
   544 | D        | Noticed a hungry ghost
   544 | D        | Noticed a giant frog
   544 | D        | Noticed a shadow
   544 | D        | Noticed a troll
   550 | D        | Killed a giant frog
   550 | D        | Acquired Makhleb's third power
   550 | D        | Reached XP level 7. HP: 48/72 MP: 7/7
   553 | D        | Killed a troll
   553 | D        | Reached skill level 14 in Long Blades
   558 | D        | Killed a shadow
   558 | D        | Reached skill level 15 in Long Blades
   571 | D        | Killed a hungry ghost
   571 | D        | Acquired Makhleb's fourth power
   571 | D        | Reached XP level 8. HP: 75/79 MP: 8/8
   584 | D        | Killed a green ugly thing
   584 | D        | Reached skill level 17 in Long Blades
   590 | D        | Gained mutation: You are partially covered in slimy green scales (AC +2). [mutagenic meat]
   644 | D        | Noticed Maurice
   963 | D        | Noticed a hound
   963 | D        | Noticed a crocodile
   963 | D        | Noticed an iguana
   963 | D        | Noticed a hippogriff
   963 | D        | Noticed a spiny frog
   963 | D        | Noticed a porcupine
   967 | D        | Noticed a yak
   968 | D        | Killed a porcupine
   973 | D        | Noticed a wolf
   977 | D        | Killed a spiny frog
   977 | D        | Acquired Makhleb's fifth power
   977 | D        | Reached XP level 9. HP: 85/85 MP: 8/20
   982 | D        | Killed a hippogriff
   989 | D        | Killed an iguana
   995 | D        | Killed a crocodile
   995 | D        | Reached skill level 10 in Invocations
   997 | D        | Killed a hound
  1005 | D        | Killed a yak
  1008 | D        | Killed a wolf
  1019 | D        | Noticed a spiny frog
  1019 | D        | Noticed a spiny frog
  1019 | D        | Noticed a giant frog
  1019 | D        | Noticed a porcupine
  1019 | D        | Noticed a six-headed hydra
  1019 | D        | Noticed a komodo dragon
  1019 | D        | Noticed a six-headed hydra
  1024 | D        | Killed a six-headed hydra
  1033 | D        | Killed a komodo dragon
  1039 | D        | Killed a six-headed hydra
  1039 | D        | Reached skill level 15 in Invocations
  1040 | D        | Killed a porcupine
  1042 | D        | Killed a spiny frog
  1044 | D        | Killed a spiny frog
  1044 | D        | Reached XP level 10. HP: 25/93 MP: 20/28
  1045 | D        | Killed a giant frog
  1046 | D        | Noticed a seven-headed hydra
  1048 | D        | Killed a seven-headed hydra
  1058 | D        | Noticed a seven-headed hydra
  1063 | D        | Killed a seven-headed hydra
  1082 | D        | Noticed a lindwurm
  1082 | D        | Noticed a brain worm
  1082 | D        | Noticed a lindwurm
  1082 | D        | Noticed a lindwurm
  1082 | D        | Killed from afar by a lindwurm

Action                   |  1- 3 |  4- 6 |  7- 9 | 10-12 || total
-------------------------+-------+-------+-------+-------++-------
Melee: Long sword        |    31 |       |       |       ||    31
       Scimitar          |     7 |    37 |    87 |       ||   131
Invok: Greater Servant o |       |       |     3 |       ||     3
Evoke: Wand              |       |     2 |     2 |       ||     4
  Use: Potion            |       |     1 |       |       ||     1
  Eat: Meat ration       |       |       |     1 |       ||     1
       Chunk             |       |       |     1 |       ||     1
